Map: King Sejong Station LE

Players

TheThinWDuke

  • Race: Terran Terran
  • League: Master

Miszu - Winner!

  • Race: Terran Terran
  • League: Master

VOD

Have the link to the VOD?

Description

Time

  • Played on: June 26, 2016, 10:47 a.m.
  • Length: 5:38
Show
View Real Time Build Order
Export as new Build Order

TheThinWDuke Terran 

Build Orders: Reaper Expand 

Get SALT Encoding   

  12  0:01  SCV  
  13  0:13  SCV  
  14  0:17  Supply Depot  
  14  0:25  SCV  
  15  0:38  SCV  
  15  0:39  Barracks  
  16  0:43  Refinery  
  16  0:50  SCV  
  17  1:03  SCV  
  18  1:15  SCV  
  19  1:27  Reaper, Orbital Command  
  20  1:43  Command Center  
  20  1:50  Supply Depot  
  20  1:54  SCV  
  21  1:59  Marine  
  22  2:07  Factory  
  22  2:09  SCV  
  23  2:16  Marine  
  23  2:18  Refinery  
  23  2:22  SCV  
  25  2:34  Marine, SCV  
  26  2:46  SCV  
  27  2:53  Starport  
  27  2:54  Hellion  
  29  2:58  SCV  
  29  3:02  Barracks Reactor  
  30  3:12  SCV  
  30  3:16  Factory Tech Lab  
  30  3:21  Orbital Command  
  30  3:24  SCV  
  31  3:29  Viking  
  31  3:32  Engineering Bay  
  33  3:35  Cyclone  
  33  3:36  SCV  
  33  3:40  Marine x2  
  40  3:45  Supply Depot  
  40  3:47  SCV  
  40  3:48  SCV  
  42  3:59  SCV, Missile Turret  
  42  4:00  SCV  
  42  4:02  Missile Turret  
  44  4:05  Marine  
  44  4:06  Marine  
  45  4:21  SCV x2  
  45  4:23  Marine x2  
  49  4:31  Raven  
  51  4:32  Hellion  
  51  4:33  SCV  
  51  4:38  Supply Depot x2  
  54  4:43  SCV  
  55  4:48  SCV  
  56  4:55  SCV  
  56  4:57  Barracks Tech Lab  
  56  4:58  Barracks, Factory Tech Lab  
  56  4:59  Barracks  
  57  5:01  SCV  
  56  5:11  SCV  
  56  5:13  SCV  
  58  5:17  Marine  
  58  5:20  Starport Reactor  
  58  5:26  SCV x2  
Show
View Real Time Build Order
Export as new Build Order

Miszu Terran - Winner!

Build Orders: 1/1/1, Banshee Rush 

Get SALT Encoding   

  12  0:01  SCV  
  13  0:13  SCV  
  14  0:17  Supply Depot  
  14  0:29  Refinery, SCV  
  15  0:41  SCV  
  16  0:45  Barracks  
  16  0:51  Refinery  
  16  0:56  SCV  
  17  1:08  SCV  
  18  1:20  SCV  
  19  1:33  Factory, Reaper  
  19  1:39  Orbital Command  
  20  1:49  Supply Depot  
  20  2:04  SCV  
  20  2:05  Reaper  
  22  2:16  SCV  
  22  2:17  Hellion  
  22  2:20  Starport  
  25  2:28  SCV  
  26  2:38  Hellion  
  26  2:43  Reaper  
  28  2:47  SCV  
  28  2:50  Supply Depot  
  29  2:57  Medivac  
  31  3:11  Hellion  
  34  3:16  Barracks Tech Lab  
  33  3:27  Command Center  
  33  3:32  SCV  
  34  3:39  Banshee  
  34  3:40  Cloaking Field  
  37  3:42  Factory Tech Lab  
  37  3:44  Barracks Reactor  
  37  3:45  SCV  
  38  3:49  Supply Depot  
  38  4:06  Barracks  
  38  4:09  Barracks  
  38  4:21  SCV  
  38  4:23  Banshee  
  42  4:30  Marine x2  
  44  4:32  Siege Tank  
  47  4:39  SCV  
  47  4:45  Orbital Command  
  48  4:53  SCV  
  48  4:54  Barracks Tech Lab  
  48  4:55  Barracks Tech Lab  
  49  5:10  SCV x2  
  46  5:22  SCV x2  
  49  5:37  Starport Reactor  
Tags
 
Add a new tag
Caveats
  • Supply blocks, unpowered buildings, or Contaminate may cause inaccurate times.
  • Supply counts are checked every 10 seconds.